 Dungeon Crawl Stone Soup version 0.30-a0-439-g9e77e4d916 (webtiles) character file.

Game seed: 16070731437559909783

44 LordRotharoth the Slasher (level 3, 0/23 (28) HPs)
             Began as a Barachi Reaver on Dec 10, 2022.
             Slain by an adder (3 damage)
             ... on level 2 of the Dungeon.
             The game lasted 00:04:19 (1798 turns).

LordRotharoth the Slasher (Barachi Reaver)          Turns: 1798, Time: 00:04:20

HP:   0/23 (28)     AC:  4    Str: 12 (15) XL:     3   Next: 60%
MP:   6/6           EV: 11    Int: 11 (13) God:
Gold: 72            SH:  0    Dex:  8 (10) Spells: 5/6 levels left

rFire   . . .      SeeInvis .    a - +0 falchion
rCold   . . .      Faith    .    (no shield)
rNeg    . . .      Spirit   .    b - +1 leather armour
rPois   .          Reflect  .    (no helmet)
rElec   .          Harm     .    (no cloak)
rCorr   .          Rampage  .    (no gloves)
Will    .....                    (no boots)
Stlth   +.........               d - amulet of magic regeneration
HPRegen 0.23/turn                (no ring)
MPRegen 0.50/turn                (no ring)

@: heavily drained, slow
A: amphibious, slowness 1, strong legs 1, +LOS
a: Hop


You were on level 2 of the Dungeon.
You visited 1 branch of the dungeon, and saw 2 of its levels.

You collected 72 gold pieces.

Inventory:

Hand Weapons
 a - a +0 falchion (weapon)
Armour
 b - a +1 leather armour (worn)
Jewellery
 d - an amulet of magic regeneration (around neck)
Scrolls
 c - a scroll of teleportation
 e - a scroll of identify
 f - a scroll of immolation {unknown}


   Skills:
 + Level 2.7 Fighting
 + Level 4.2 Long Blades
 + Level 1.5 Armour
 + Level 2.3 Dodging
 + Level 2.3 Spellcasting
 + Level 3.7 Conjurations


You had 5 spell levels left.
You knew the following spells:

 Your Spells              Type           Power      Damage    Failure   Level
a - Kiss of Death         Conj/Necr      20%        2d7       17%         1

Your spell library contained the following spells:

 Spells                   Type           Power      Damage    Failure   Level
 Momentum Strike          Conj/Tloc      10%        3d8       26%         2
 Hailstorm                Conj/Ice       5%         3d4       45%         3


Dungeon Overview and Level Annotations

Branches:
Dungeon (2/15)

Altars:


Innate Abilities, Weirdness & Mutations

You are amphibious.
You cover ground slowly.
You can hop short distances.
You have an extended range of vision and can be seen from far away.


Message History

You feel sick. The adder closely misses you.
The adder bites you but does no damage.
You closely miss the adder.
The adder is moderately wounded.
You feel sick.
You are no longer poisoned.
The adder closely misses you.
You hit the adder.
The adder is heavily wounded.
The adder closely misses you. The adder bites you.
* * * LOW HITPOINT WARNING * * *
You are poisoned.
The adder poisons you!
You miss the adder.
The adder is heavily wounded.
You feel sick. The adder closely misses you.
You closely miss the adder.
The adder is heavily wounded.
You feel sick. The adder closely misses you.
You feel sick.
You are no longer poisoned.
The adder closely misses you.
You closely miss the adder.
The adder is heavily wounded.
The adder misses you.
You are too injured to fight recklessly!
Unknown command.
You closely miss the adder.
The adder is heavily wounded.
The adder misses you. The adder bites you.
* * * LOW HITPOINT WARNING * * *
The adder barely misses you.
You closely miss the adder.
The adder is heavily wounded.
The adder misses you. The adder attacks as you move away!
The adder barely misses you. x2
You hit the adder but do no damage.
The adder is heavily wounded.
The adder bites you.
You die...

......
##########.........####
......
.......†.'.........+...
.....###########.........####
...... #..........). #....
###'######.## #....
#.##.....# #.... #.##.....#
#[.?.###########.##.....#
+....').hS@.............#
#....#########.#........##
#.... #.#.........##
######### #.#.........#.
#....# #.#.........#. #.##.#
#.#.##......'.
#.##.######.#.##.....##)
#.##......[.#....###.##.
#.##############.# #.##.


You could see an adder and a jackal.

Vanquished Creatures
  2 worms (D:2)
  2 dart slugs
  3 bats
  4 endoplasms
  A giant cockroach (D:2)
  4 goblins (D:1)
  A hobgoblin (D:1)
  4 jackals
  A quokka (D:1)
  3 ball pythons
  A frilled lizard (D:2)
  A kobold (D:2)
  5 rats
32 creatures vanquished.

Notes
Turn   | Place    | Note
-------+----------+-------------------------------------------
     0 | D:1      | LordRotharoth the Barachi Reaver began the quest for the
                  | Orb.
     0 | D:1      | Reached XP level 1. HP: 17/17 MP: 3/3
    96 | D:1      | Reached skill level 4 in Long Blades
    96 | D:1      | Reached XP level 2. HP: 20/22 MP: 5/5
  1195 | D:2      | Reached XP level 3. HP: 27/28 MP: 6/6
  1347 | D:2      | Reached skill level 1 in Armour
  1798 | D:2      | Slain by an adder

Illustrated notes

Levels and vault maps discovered:
D:1:      giann_horns, layout_basic, serial_corexii_hall,
          corexii_hall_statues_l, corexii_hall_statues_x
D:2:      layout_basic

Skill      XL: |  1  2  3 |
---------------+----------+-----
Long Blades    | 4 |  4.2
Armour         | 1 |  1.5
Fighting       | |  2.7
Dodging        | |  2.3
Spellcasting   | |  2.3
Conjurations   | |  3.7

Action                   || total
-------------------------++-------
Melee: Falchion          ||   109
 Cast: Kiss of Death     ||     2
  Use: Scroll            ||     5
       Potion            ||     6
Armor: Leather armour    ||    37
Dodge: Dodged            ||    73

Table legend: (Time is in decaauts)
 A = Elapsed time spent in this place.
 B = Non-inter-level travel time spent in this place.
 C = Inter-level travel time spent in this place.
 D = Time resting spent in this place.
 E = Time spent auto-exploring this place.
 F = Levels seen in this place.
 G = Mean time per level.
                   A        B        C        D        E       F      G
               +--------+--------+--------+--------+--------+-----+--------+
         Total |   2027 |   2027 |      0 |    440 |    776 |   2 | 1013.5 |
       Dungeon |   2027 |   2027 |      0 |    440 |    776 |   2 | 1013.5 |
               +--------+--------+--------+--------+--------+-----+--------+

Top non-repeatable levels by time:
     D:1: 1233 daAuts
     D:2: 793 daAuts
